 Dungeon Crawl Stone Soup version 0.23.1 (webtiles) character file.

Game seed: 10287311856243372461

149914 framaz the Fighter (level 17, -5/95 HPs)
             Began as a Vine Stalker Fighter on Mar 17, 2019.
             Was a High Priest of Okawaru.
             Shot with a bolt by a yaktaur (10 damage)
             ... on level 2 of the Depths.
             The game lasted 00:44:50 (21102 turns).

framaz the Fighter (Vine Stalker Fighter)          Turns: 21102, Time: 00:44:51

Health: -5/95      AC: 17    Str: 29    XL:     17   Next: 52%
Magic:  0/28       EV: 21    Int: 15    God:    Okawaru [*****.]
Gold:   2709       SH: 14    Dex: 15    Spells: 30/30 levels left

rFire    . . .     SeeInvis .   x - +9 demon whip (venom)
rCold    + . .     Gourm    +   W - +0 shield {AC+3}
rNeg     . . .     Faith    .   X - +2 ring mail of the Kettle-Drum {rC+ rCorr Str+4 Int+5}
rPois    +         Spirit   +   Q - +0 hat {MR+}
rElec    .         Reflect  .   (no cloak)
rCorr    +         Harm     .   A - +2 pair of gloves
MR       +++..                  a - +0 pair of boots of Integrity {Int+2}
Stlth    +.........             U - amulet of the gourmand
HPRegen  1.05/turn              g - +3 ring of evasion
MPRegen  0.21/turn              n - ring of poison resistance

@: finesse, studying Slings
A: fangs 3, regeneration 2, magic shield, antimagic bite, no potion heal 3, rot
immunity
a: Heroism, Finesse, Renounce Religion


You were on level 2 of the Depths.
You worshipped Okawaru.
Okawaru was extremely pleased with you.
You were not hungry.

You visited 5 branches of the dungeon, and saw 26 of its levels.
You also visited: Ossuary.

You collected 2709 gold pieces.

Inventory:

Hand Weapons
 x - a +9 demon whip of venom (weapon)
 O - a +3 whip of electrocution
 P - the +1 great mace "Typaabef" {flame, Fragile rElec MR++ Dex+4}
   (Okawaru gifted it to you on level 2 of the Lair of Beasts)

   It has been specially enchanted to burn those struck by it, causing extra
   injury to most foes and up to half again as much damage against particularly
   susceptible opponents.
   It affects your dexterity (+4).
   It insulates you from electricity.
   It affects your resistance to hostile enchantments.
   It will be destroyed if unequipped.
 S - the +5 mace of Departure {crush, +Inv rC+ Dex+4 Stlth+}
   (Okawaru gifted it to you on level 14 of the Dungeon)

   It inflicts extra damage upon your enemies.
   It affects your dexterity (+4).
   It protects you from cold.
   It lets you turn invisible.
   It makes you more stealthy.
Armour
 a - the +0 pair of boots of Integrity (worn) {Int+2}
   (Okawaru gifted it to you on level 6 of the Lair of Beasts)

   It affects your intelligence (+2).
 c - a +1 shield
 j - the +18 shield of the Gong {rElec rN+ MR+ EV-5}
   (Okawaru gifted it to you on level 5 of the Lair of Beasts)

   It affects your evasion (-5).
   It insulates you from electricity.
   It protects you from negative energy.
   It affects your resistance to hostile enchantments.
 w - a +0 large shield
 A - a +2 pair of gloves (worn)
 Q - a +0 hat of magic resistance (worn)
 W - a +0 shield of protection (worn)
 X - the +2 ring mail of the Kettle-Drum (worn) {rC+ rCorr Str+4 Int+5}
   (You found it on level 11 of the Dungeon)

   It affects your strength (+4).
   It affects your intelligence (+5).
   It protects you from cold.
   It provides partial protection from all sources of acid and corrosion.
Jewellery
 g - a +3 ring of evasion (left hand)
 i - an uncursed ring of magical power
 n - a ring of poison resistance (right hand)
 y - an uncursed ring of positive energy
 E - an uncursed ring of positive energy
 N - an uncursed ring of protection from magic
 R - an uncursed ring of flight
 U - an amulet of the gourmand (around neck)
 V - an uncursed ring of ice
 Z - an uncursed ring of see invisible
Wands
 F - a wand of polymorph (8)
 H - a wand of digging (7)
Scrolls
 l - a scroll of blinking
 m - 14 scrolls of identify
 o - 9 scrolls of remove curse
 r - 3 scrolls of enchant armour
 v - 3 scrolls of fear
 B - 3 scrolls of vulnerability
 G - 2 scrolls of enchant weapon
 I - 4 scrolls of amnesia
 J - 5 scrolls of teleportation
 M - 3 scrolls of fog
 T - 2 scrolls of torment {unknown}
 Y - a scroll of magic mapping {unknown}
Potions
 d - 5 potions of might
 e - 9 potions of degeneration {unknown}
 h - 3 potions of flight {unknown}
 k - a potion of berserk rage {unknown}
 p - 8 potions of agility
 q - 5 potions of invisibility {unknown}
 s - 10 potions of lignification {unknown}
 t - 11 potions of curing {unknown}
 u - 3 potions of ambrosia {unknown}
 z - 8 potions of heal wounds {unknown}
 C - 2 potions of haste {unknown}
 D - 2 potions of resistance
 K - 2 potions of brilliance {unknown}
 L - 4 potions of magic {unknown}
Books
 b - a manual of Slings
Comestibles
 f - 42 rations


   Skills:
 * Level 13.0 Fighting
 + Level 12.3 Maces & Flails
 + Level 11.5 Armour
 + Level 11.3 Dodging
 + Level 12.4 Shields
 - Level 7.0 Spellcasting
 - Level 6.7 Invocations


You had 30 spell levels left.
You didn't know any spells.
Your spell library contained the following spells:

 Spells                   Type           Power        Failure   Level  Hunger
 Animate Skeleton         Necr           N/A          24%         1    None
 Corona                   Hex            #......      24%         1    None
 Pain                     Necr           #...         24%         1    None
 Ensorcelled Hibernation  Hex/Ice        #.....       36%         2    None
 Throw Flame              Conj/Fire      #.....       36%         2    None
 Confuse                  Hex            #.......     58%         3    ##.....
 Dazzling Spray           Conj/Hex       #.....       58%         3    ##.....
 Ignite Poison            Fire/Tmut/Pois #.......     58%         3    ##.....
 Portal Projectile        Hex/Tloc       #.....       58%         3    ##.....
 Recall                   Summ/Tloc      N/A          58%         3    ##.....
 Regeneration             Chrm/Necr      #.........   58%         3    ##.....
 Teleport Other           Tloc           #.......     58%         3    ##.....
 Tukima's Dance           Hex            #.......     58%         3    ##.....
 Vampiric Draining        Necr           #.........   58%         3    ##.....
 Animate Dead             Necr           N/A          94%         4    ####...
 Force Lance              Conj/Tloc      #.......     94%         4    ####...
 Leda's Liquefaction      Hex/Erth       #.........   94%         4    ####...
 Bolt of Magma            Conj/Fire/Erth #.........   100%        5    #####..
 Fireball                 Conj/Fire      #.........   100%        5    #####..
 Iron Shot                Conj/Erth      #.........   100%        6    #######
 Statue Form              Tmut/Erth      #........    100%        6    #######
 Disjunction              Tloc           #.........   100%        8    #######
 Ignition                 Fire           #.........   100%        8    #######
 Shatter                  Erth           #.........   100%        9    #######


Dungeon Overview and Level Annotations

Branches:
Dungeon (15/15)            Temple (1/1) D:4            Lair (6/6) D:9
  Swamp (0/4) Lair:2       Spider (0/4) Lair:3        Slime (0/5) Lair:6
    Orc (2/2) D:9             Elf (0/3) Orc:2        Vaults (0/5) D:13
 Depths (2/5) D:15

Altars:
Ashenzari
Cheibriados
Dithmenos
Elyvilon
Fedhas
Gozag
Hepliaklqana
Kikubaaqudgha
Makhleb
Nemelex Xobeh
Okawaru
Qazlal
Ru
Sif Muna
Trog
Uskayaw
Vehumet
Wu Jian
Xom
Yredelemnul
Zin
The Shining One
Beogh

Shops:
D:9 **}%%   D:12 !   Orc:2 *:(}   Depths:1 (

Portals:
Hell: Depths:1

Annotations:
D:4 3 runed translucent doors, H0rd4k's ghost, amateur DEWz
D:7 Singularity42's ghost, novice OpTm
D:9 3 runed translucent doors, exclusion: oklob plant
Lair:5 exclusion: oklob plant


Innate Abilities, Weirdness & Mutations

You have razor-sharp teeth.
You heal very quickly.
When hurt, damage is shared between your health and your magic reserves.
Your bite disrupts and absorbs the magic of your enemies.
Potions cannot restore your health.
You are immune to rotting.


Message History

a +0 long sword; a +0 chain mail; a +2 arbalest of flaming; 20 bolts You don't have enough magic at the moment.
You thrash the deep troll shaman!!
The deep troll shaman looks as sick as possible!
Your bite misses the deep troll shaman.
The deep troll shaman is moderately wounded.
You block the deep troll shaman's attack. x3
You completely miss the deep troll shaman.
Your bite misses the deep troll shaman.
The deep troll shaman is moderately wounded.
You block the yaktaur's attack.
You hit the deep troll shaman.
The deep troll shaman looks as sick as possible!
Your bite misses the deep troll shaman.
The deep troll shaman is heavily wounded.
You thrash the deep troll shaman!!
You kill the deep troll shaman!
Okawaru accepts your kill.
The yaktaur shoots a bolt.
The bolt hits you!
You die...

+## ..# ## ..# #......
...... ..# #.....
....... ..#.... #....
....... >.#..... #...
...... ..#^...> #..
..... ..#....#
##+#.###### .#.#
..#....###..#...@(T##..#
..#.....#.....###cc)...#
..#.....#...###.c#T....#
..#.......### ##c#.†(..#
..#.....### ..#..>..#
..#...### .###..####
..}.### .. #... ..### #.
#.... ### #. #....


You could see 2 deep trolls and 2 yaktaurs.

Vanquished Creatures
  Sojobo (Depths:2)
  Rupert (Lair:4)
  A sphinx (D:14)
  3 tengu reavers
  Kirke (D:13)
  A fire giant (Depths:1)
  An orc warlord (D:13)
  Aizul (Depths:1)
  A vampire knight (Depths:2)
  A dire elephant (Lair:6)
  3 ettins (Depths:1)
  3 fire dragons
  A yaktaur captain (Depths:2)
  A great orb of eyes (Depths:1)
  Harold (D:9)
  2 ice dragons
  9 hydras
  A catoblepas (Lair:6)
  Erolcha (D:9)
  A death knight (D:15)
  12 two-headed ogres
  6 centaur warriors
  2 dancing weapons (D:13)
  3 death yaks (Lair:6)
  The ghost of kubi the Cleaver, a novice HOFi of Beogh (Lair:1)
  2 deep troll shamans
  2 ogre magi
  3 deep troll earth magi
  3 orc high priests
  Nergalle (Orc:1)
  2 spriggan berserkers
  Sonja (D:13)
  Urug (D:10)
  An iron troll (Depths:1)
  9 skeletal warriors
  3 unseen horrors
  A swamp dragon (Lair:6)
  3 wizards
  8 deep trolls
  2 glowing orange brains (Depths:1)
  Pikel (D:8)
  11 orc knights
  5 manticores
  A mana viper (shapeshifter) (Depths:1)
  An orc sorcerer (Orc:1)
  A wolf spider (Lair:3)
  15 ugly things
  5 cyclopes
  6 deep elf magi
  Maurice (D:8)
  3 centaur zombies
  A moth of wrath (Lair:1)
  7 elephants (Lair:6)
  7 black mambas
  A torpor snail (Lair:6)
  12 spiny frogs
  A gargoyle (D:10)
  A freezing wraith (D:15)
  6 rime drakes
  7 komodo dragons
  2 yaktaurs
  An efreet (D:14)
  6 meliai
  A tengu conjurer (Depths:1)
  10 polar bears
  A troll (shapeshifter) (Depths:2)
  A queen bee (shapeshifter) (Depths:2)
  5 trolls
  10 slime creatures
  Grinder (D:5)
  A hornet (Lair:1)
  16 blink frogs
  A hornet (shapeshifter) (D:15)
  8 dream sheep (Lair:6)
  A meliai zombie (D:8)
  10 hippogriffs
  A spriggan (shapeshifter) (D:15)
  6 spriggans (Lair:1)
  2 shadows
  5 wyverns
  A fire elemental (D:13)
  A human (D:13)
  3 hogs (D:13)
  27 yaks
  A vampire (D:15)
  2 basilisks (Lair:6)
  A human (shapeshifter) (Depths:2)
  2 hungry ghosts
  A steam dragon (D:7)
  6 vampire mosquitoes
  Grum (D:8)
  5 insubstantial wisps (Lair:2)
  13 wargs
  5 acid dragons
  12 water moccasins
  A soldier ant (D:14)
  5 porcupines
  A swamp drake (Lair:6)
  8 black bears (Lair:2)
  48 orc warriors
  7 sky beasts
  A necrophage (D:12)
  16 ice beasts
  2 hornet zombies
  15 ogres
  2 eyes of draining
  3 phantoms
  12 centaurs
  5 wolves
  14 crocodiles
  20 bullfrogs
  2 big kobolds
  4 gnoll sergeants
  A water moccasin zombie (D:8)
  4 scorpions
  3 killer bees (D:9)
  11 wights
  A howler monkey (D:14)
  6 crimson imps
  A bullfrog zombie (D:7)
  9 hounds
  A gnoll shaman (D:4)
  17 orc priests
  7 jellies
  3 bullfrog skeletons
  10 iguanas
  4 centaur skeletons
  12 worker ants
  26 orc wizards
  A hell rat (Lair:6)
  A hound zombie (D:8)
  A hound skeleton (D:5)
  8 mummies (Ossuary)
  26 gnolls
  A howler monkey skeleton (D:6)
  13 adders
  4 shadow imps
  3 oozes
  An adder zombie (D:8)
  An adder skeleton (D:4)
  2 worms (D:2)
  8 leopard geckos
  107 orcs
  4 bats
  5 giant cockroaches
  A gnoll zombie (Ossuary)
  2 goblins
  7 hobgoblins
  13 jackals
  12 kobolds
  5 quokkas
  A ball python (D:2)
  3 frilled lizards
  2 hobgoblin zombies (Ossuary)
  3 kobold zombies (Ossuary)
  2 orc zombies (Ossuary)
  8 rats
891 creatures vanquished.

Vanquished Creatures (others)
  A human (D:13)
  A centaur (D:15)
  An iguana (Lair:6)
  3 fungi
  4 plants
  16 toadstools (D:9)
26 creatures vanquished.

Grand Total: 917 creatures vanquished

Notes
Turn   | Place    | Note
-------+----------+-------------------------------------------
     0 | D:1      | framaz the Vine Stalker Fighter began the quest for the
                  | Orb.
     0 | D:1      | Reached XP level 1. HP: 11/11 MP: 2/2
   208 | D:1      | Reached XP level 2. HP: 16/16 MP: 3/3
   638 | D:2      | Found a sparkling altar of Nemelex Xobeh.
   708 | D:2      | Reached XP level 3. HP: 17/19 MP: 4/4
   725 | D:2      | Reached skill level 3 in Fighting
   732 | D:2      | Reached skill level 1 in Dodging
   738 | D:2      | Gained mutation: Your natural rate of healing is unusually
                  | fast. [Vine Stalker growth]
   738 | D:2      | Reached XP level 4. HP: 16/24 MP: 5/5
  1043 | D:2      | Found a shadowy altar of Dithmenos.
  1423 | D:3      | Found a deep blue altar of Sif Muna.
  1502 | D:3      | Found a burning altar of Makhleb.
  1502 | D:3      | Found a glowing golden altar of the Shining One.
  1507 | D:3      | Found a faded altar of an unknown god.
  1509 | D:3      | Found a radiant altar of Vehumet.
  1510 | D:3      | Found a faded altar of an unknown god.
  1634 | D:3      | Reached XP level 5. HP: 27/28 MP: 6/6
  1644 | D:4      | Found a runed translucent gate.
  1704 | D:4      | Found a runed translucent gate.
  1705 | D:4      | Found a runed translucent gate.
  1721 | D:4      | Found a staircase to the Ecumenical Temple.
  1731 | Temple   | Entered the Ecumenical Temple
  1795 | Temple   | Became a worshipper of Warmaster Okawaru
  1811 | D:4      | Reached XP level 6. HP: 30/32 MP: 7/7
  1837 | D:4      | Found a stormy altar of Qazlal.
  1934 | D:4      | Reached skill level 1 in Invocations
  1956 | D:4      | Reached XP level 7. HP: 37/37 MP: 7/9
  1997 | D:4      | Reached * piety under Okawaru
  2013 | D:4      | Noticed H0rd4k's ghost (amateur DEWz)
  2043 | D:4      | Reached skill level 4 in Fighting
  2290 | D:5      | Entered Level 5 of the Dungeon
  2381 | D:5      | Reached ** piety under Okawaru
  2389 | D:5      | Gained mutation: You have razor-sharp teeth. [Vine Stalker
                  | growth]
  2389 | D:5      | Reached XP level 8. HP: 42/42 MP: 10/10
  2405 | D:5      | Found a sacrificial altar of Ru.
  2463 | D:5      | Found a sand-covered staircase.
  2589 | D:5      | Noticed Grinder
  2622 | Ossuary  | Entered an ossuary
  2894 | D:5      | Killed Grinder
  3134 | D:5      | Reached *** piety under Okawaru
  3171 | D:6      | Reached skill level 5 in Shields
  3179 | D:6      | Reached skill level 5 in Fighting
  3179 | D:6      | Reached XP level 9. HP: 16/47 MP: 12/12
  3384 | D:6      | Found a transporter.
  3417 | D:6      | Found a transporter.
  3434 | D:6      | Reached skill level 5 in Maces & Flails
  3540 | D:6      | Reached skill level 5 in Armour
  3708 | D:6      | Reached **** piety under Okawaru
  4028 | D:6      | Found a snail-covered altar of Cheibriados.
  4028 | D:6      | Found a glowing silver altar of Zin.
  4436 | D:7      | Found a runed translucent gate.
  4436 | D:7      | Found a runed translucent gate.
  4436 | D:7      | Found a runed translucent gate.
  4436 | D:7      | Noticed Singularity42's ghost (novice OpTm)
  4620 | D:7      | Reached skill level 5 in Invocations
  4735 | D:8      | Reached XP level 10. HP: 43/53 MP: 11/14
  4933 | D:8      | Reached skill level 6 in Fighting
  4950 | D:8      | Reached ***** piety under Okawaru
  4969 | D:8      | Noticed Grum
  5130 | D:8      | Killed Grum
  5322 | D:8      | Reached skill level 5 in Dodging
  5582 | D:8      | Noticed Pikel
  5605 | D:8      | Killed Pikel
  5847 | D:8      | Noticed Maurice
  5854 | D:8      | Killed Maurice
  5854 | D:8      | Received a gift from Okawaru
  6004 | D:9      | Found a staircase to the Lair.
  6029 | D:9      | Noticed Erolcha
  6037 | D:9      | Killed Erolcha
  6037 | D:9      | Reached XP level 11. HP: 26/58 MP: 7/16
  6193 | D:9      | Noticed a two-headed ogre
  6203 | D:9      | Killed a two-headed ogre
  6204 | D:9      | Found a staircase to the Orcish Mines.
  6293 | Orc:1    | Entered Level 1 of the Orcish Mines
  6293 | Orc:1    | Noticed an orc high priest
  6293 | Orc:1    | Noticed an orc high priest
  6295 | Orc:1    | Noticed a sun demon
  6337 | D:9      | Found Viskaag's Assorted Antiques.
  6385 | D:9      | Found Seorph's Food Boutique.
  6438 | D:9      | Reached skill level 7 in Fighting
  6526 | D:9      | Found an opulent altar of Gozag.
  6592 | D:9      | Found Zoasa Bauk's Food Emporium.
  6678 | D:9      | Found a blossoming altar of Fedhas.
  6700 | D:9      | Noticed an oklob plant
  6745 | D:9      | Found Sesaak's Gadget Shop.
  6754 | D:9      | Noticed Harold
  6765 | D:9      | Killed Harold
  6777 | D:9      | Found a runed translucent gate.
  6777 | D:9      | Found a runed translucent gate.
  6778 | D:9      | Noticed a brown ugly thing
  6779 | D:9      | Found a runed translucent gate.
  6779 | D:9      | Noticed a red ugly thing
  6779 | D:9      | Noticed a glowing orange brain
  6780 | D:9      | Noticed a cyan very ugly thing
  6781 | D:9      | Noticed a cyan ugly thing
  6781 | D:9      | Noticed a red ugly thing
  6869 | D:9      | Found Vonimp's General Store.
  7067 | D:10     | Entered Level 10 of the Dungeon
  7139 | D:10     | Noticed Urug
  7155 | D:10     | Killed Urug
  7401 | D:10     | Killed an unseen horror
  7401 | D:10     | Reached skill level 1 in Spellcasting
  7977 | D:11     | Got a fine ring mail
  7978 | D:11     | Identified the +2 ring mail of the Kettle-Drum {rC+ rCorr
                  | Str+4 Int+5} (You found it on level 11 of the Dungeon)
  8046 | D:11     | Noticed a manticore
  8046 | D:11     | Noticed a four-headed hydra
  8047 | D:11     | Noticed a two-headed ogre
  8057 | D:11     | Killed a four-headed hydra
  8057 | D:11     | Gained mutation: You heal very quickly. [Vine Stalker
                  | growth]
  8057 | D:11     | Reached XP level 12. HP: 59/64 MP: 18/18
  8067 | D:11     | Killed a two-headed ogre
  8210 | D:11     | Reached ****** piety under Okawaru
  8211 | D:11     | Noticed a two-headed ogre
  8211 | D:11     | Noticed a two-headed ogre
  8229 | D:11     | Killed a two-headed ogre
  8229 | D:11     | Reached skill level 8 in Fighting
  8237 | D:11     | Killed a two-headed ogre
  8677 | D:12     | Found Istuupoxono's Distillery.
  8965 | D:12     | Received a gift from Okawaru
  9064 | D:13     | Noticed a centaur warrior
  9069 | D:13     | Killed a centaur warrior
  9197 | Lair:1   | Entered Level 1 of the Lair of Beasts
  9366 | Lair:1   | Found a transporter.
  9369 | Lair:1   | Identified the +5 trident "Guyn" {antimagic, +Rage rElec
                  | rN+}
  9369 | Lair:1   | Noticed a spriggan rider
  9369 | Lair:1   | Noticed kubi's ghost (novice HOFi)
  9372 | Lair:1   | Found a bloodstained altar of Trog.
  9389 | Lair:1   | Found a transporter.
  9394 | Lair:1   | Identified the +10 rapier "Zuydwe" {flame, rN++ Int+7
                  | Dex+4}
  9394 | Lair:1   | Noticed a spriggan berserker
 10000 | Lair:2   | Reached XP level 13. HP: 49/69 MP: 17/21
 10024 | Lair:2   | Reached skill level 5 in Spellcasting
 10220 | Lair:2   | Found a staircase to the Swamp.
 10230 | Lair:2   | Received a gift from Okawaru
 10271 | Lair:2   | Got a smoking great mace {god gift}
 10272 | Lair:2   | Identified the +1 great mace "Typaabef" {flame, Fragile
                  | rElec MR++ Dex+4} (Okawaru gifted it to you on level 2 of
                  | the Lair of Beasts)
 10702 | Lair:3   | Reached skill level 9 in Fighting
 10931 | Lair:3   | Found a hole to the Spider Nest.
 11274 | Lair:4   | Found an ornate altar of the Wu Jian Council.
 11312 | Lair:4   | Noticed Rupert
 11332 | Lair:4   | Killed Rupert
 12775 | Lair:5   | Received a gift from Okawaru
 12776 | Lair:5   | Found the +18 shield of the Gong {rElec rN+ MR+ EV-5}
 12898 | Lair:6   | Entered Level 6 of the Lair of Beasts
 12971 | Lair:6   | Reached XP level 14. HP: 65/75 MP: 24/24
 13626 | Lair:6   | Reached skill level 10 in Fighting
 13713 | Lair:6   | Received a gift from Okawaru
 13731 | Lair:6   | Got a pair of twisted boots {god gift}
 13737 | Lair:6   | Identified the +0 pair of boots of Integrity {Int+2}
                  | (Okawaru gifted it to you on level 6 of the Lair of Beasts)
 13854 | Lair:6   | Reached skill level 10 in Shields
 13871 | Lair:6   | Noticed a dire elephant
 13890 | Lair:6   | Killed a dire elephant
 13904 | Lair:6   | Reached skill level 10 in Maces & Flails
 14401 | Lair:6   | Found a staircase to the Slime Pits.
 14850 | Lair:1   | Killed kubi's ghost
 15118 | D:13     | Identified a scroll of acquirement
 15161 | D:13     | You fall through a shaft for 2 floors!
 15161 | D:15     | Entered Level 15 of the Dungeon
 15164 | D:15     | Found a staircase to the Depths.
 15189 | D:15     | Reached XP level 15. HP: 13/81 MP: 6/26
 15479 | D:15     | Received a gift from Okawaru
 15496 | D:15     | Received a gift from Okawaru
 15496 | D:15     | Reached skill level 10 in Armour
 16108 | D:15     | Reached skill level 11 in Fighting
 16434 | D:14     | Received a gift from Okawaru
 16478 | D:14     | Reached skill level 10 in Dodging
 16491 | D:14     | Got a fine mace {god gift}
 16492 | D:14     | Identified the +5 mace of Departure {crush, +Inv rC+ Dex+4
                  | Stlth+} (Okawaru gifted it to you on level 14 of the
                  | Dungeon)
 16738 | D:14     | Found a stormy altar of Qazlal.
 17077 | D:13     | Identified the Volume of the Ghastly Compass
 17118 | D:13     | Noticed Kirke
 17130 | D:13     | Noticed a sphinx
 17136 | D:13     | Killed Kirke
 17157 | D:13     | Received a gift from Okawaru
 17162 | D:13     | Reached XP level 16. HP: 82/88 MP: 24/27
 17242 | D:13     | Found a gate to the Vaults.
 17485 | D:13     | Noticed Sonja
 17492 | D:13     | Killed Sonja
 18031 | Orc:2    | Entered Level 2 of the Orcish Mines
 18031 | Orc:2    | Found a staircase to the Elven Halls.
 18452 | Orc:2    | Found Hetafice's Weapon Shop.
 18452 | Orc:2    | Found Motiej's Gadget Shoppe.
 18524 | Orc:2    | Found a roughly hewn altar of Beogh.
 18915 | Orc:2    | Found Ikaukh's Assorted Antiques.
 18915 | Orc:2    | Found Zuitior's Book Shoppe.
 19075 | Orc:1    | Noticed Nergalle
 19081 | Orc:1    | Killed Nergalle
 19749 | D:14     | Noticed a tengu reaver
 19749 | D:14     | Noticed a sphinx
 19799 | D:13     | HP: 4/88 [fire dragon/blast of flame (23)]
 19904 | D:13     | Killed a tengu reaver
 19961 | D:14     | Killed a sphinx
 19961 | D:14     | Reached skill level 12 in Fighting
 19966 | D:14     | Received a gift from Okawaru
 20171 | Depths:1 | Entered Level 1 of the Depths
 20282 | Depths:1 | Noticed Aizul
 20303 | Depths:1 | Killed Aizul
 20319 | Depths:1 | Identified Liky's Catalogue of Heat
 20334 | Depths:1 | Found Diunid's Weapon Shop.
 20416 | Depths:1 | Reached XP level 17. HP: 72/94 MP: 28/28
 20636 | Depths:1 | Received a gift from Okawaru
 20771 | Depths:1 | Found a gateway to Hell.
 20964 | Depths:2 | Noticed Sojobo
 21006 | Depths:2 | Killed Sojobo
 21067 | Depths:2 | Reached skill level 13 in Fighting
 21098 | Depths:2 | HP: 4/95 [deep troll shaman (9)]
 21102 | Depths:2 | Shot with a bolt by a yaktaur

Skill      XL: |  1  2  3  4  5  6  7  8  9 10 11 12 13 14 15 16 17 |
---------------+----------------------------------------------------+-----
Maces & Flails | 2 3 4 5 6 7 8 9 10 11 12 | 12.3
Fighting       | 3 4 5 6 7 8 9 10 11 12 13 | 13.0
Shields        | 3 4 5 6 7 8 9 10 11 12 | 12.4
Dodging        | 1 2 3 4 5 6 7 8 9 10 11 | 11.3
Armour         | 3 4 5 6 7 8 9 10 11 | 11.5
Invocations    | 1 2 3 5 6 |  6.7
Spellcasting   | 2 4 6 7 |  7.0

Action                   |  1- 3 |  4- 6 |  7- 9 | 10-12 | 13-15 | 16-18 || total
-------------------------+-------+-------+-------+-------+-------+-------++-------
Melee: Flail             |    26 |       |       |       |       |       ||    26
       Bite              |    24 |    49 |   180 |   306 |   593 |   339 ||  1491
       Whip              |    49 |   171 |   468 |   780 |   842 |       ||  2310
       Demon whip        |       |       |       |       |   470 |   786 ||  1256
Invok: Heroism           |       |       |       |     8 |    16 |     7 ||    31
       Finesse           |       |       |       |     5 |    12 |     7 ||    24
  Use: Scroll            |       |     3 |     5 |     5 |    16 |       ||    29
 Stab: Petrified         |       |       |       |       |     8 |       ||     8
       Confused          |       |       |       |       |     2 |       ||     2
  Eat: Chunk             |       |     3 |     6 |    27 |    24 |    10 ||    70
       Ration            |       |       |     1 |     1 |       |       ||     2
Armor: Scale mail        |    21 |    47 |    89 |    91 |       |       ||   248
       Ring mail         |       |       |       |    39 |   153 |    75 ||   267
Dodge: Dodged            |    16 |    73 |   181 |   383 |   455 |   346 ||  1454
Block: Shield            |    35 |   100 |   228 |   436 |   352 |   354 ||  1505
       Large shield      |       |       |       |       |   350 |     9 ||   359
